3AAA
CORPUS CHRISTI TWINS @ BRINKLEY BELUGAS
08/04/2018
 
TOP OF THE 1ST
Corpus Christi Twins batting - Pitching for Brinkley Belugas : LHP José Acevedo
Pitching: LHP José Acevedo
Batting: RHB John Howell 0-0: SOLO HOME RUN (Flyball, 9D), Distance : 392 ft
Batting: RHB Denis Taylor 0-0: Ball
1-0: Ball
2-0: Called Strike
2-1: Ball
3-1: Called Strike
3-2: Fly out, F9 (Flyball, 9LM)
Batting: RHB Gonzalo Núñez 0-0: Foul Ball, location: 2F
0-1: Swinging Strike
0-2: Foul Ball, location: 2F
0-2: Foul Ball, location: 2F
0-2: Strikes out swinging
Batting: RHB Daniel Cooper 0-0: Foul Ball, location: 2F
0-1: Foul Ball, location: 2F
0-2: Ball
1-2: SINGLE (Line Drive, 6MD)
Batting: RHB Júlio Santos 0-0: Called Strike
0-1: Ball
1-1: Foul Ball, location: 2F
1-2: Foul Ball, location: 2F
1-2: SINGLE (Groundball, 6MD)
Daniel Cooper to second
Batting: RHB Carlos Santos 0-0: Called Strike
0-1: Swinging Strike
0-2: Foul Ball, location: 2F
0-2: Ball
1-2: Strikes out swinging
Top of the 1st over - 1 run(s), 3 hit(s), 0 error(s), 2 left on base; Corpus Christi 1 - Brinkley 0
BOTTOM OF THE 1ST
Brinkley Belugas batting - Pitching for Corpus Christi Twins : RHP Allen Wilson
Pitching: RHP Allen Wilson
Batting: RHB Jorge Torrez 0-0: Fly out, F9 (Line Drive, 9S)
Batting: LHB Manuel Núñez 0-0: Swinging Strike
0-1: Ground out 4-3 (Groundball, 4)
Batting: RHB Mark Field 0-0: Swinging Strike
0-1: Ball
1-1: Foul Ball, location: 2F
1-2: Ball
2-2: Strikes out swinging
Bottom of the 1st over - 0 run(s), 0 hit(s), 0 error(s), 0 left on base; Corpus Christi 1 - Brinkley 0
TOP OF THE 2ND
Corpus Christi Twins batting - Pitching for Brinkley Belugas : LHP José Acevedo
Batting: RHB Bill McCarty 0-0: Called Strike
0-1: SINGLE (Line Drive, 9S)
Batting: LHB Jimmy Massey 0-0: Called Strike
0-1: Foul Ball, location: 2F
0-2: Strikes out swinging
Batting: LHB Curtis Peters 0-0: Ball
1-0: Called Strike
1-1: Swinging Strike
1-2: Foul Ball, location: 2F
1-2: Ball
2-2: Ground out U3 (Groundball, 3S)
Bill McCarty to second
Batting: RHB John Howell 0-0: Called Strike
0-1: Ball
1-1: Ball
2-1: SINGLE (Line Drive, 56D)
Bill McCarty to third
Batting: RHB Denis Taylor 0-0: SINGLE (Groundball, 4MD) (infield hit)
Bill McCarty scores
John Howell to second
Batting: RHB Gonzalo Núñez 0-0: Called Strike
0-1: Ball
1-1: Swinging Strike
1-2: SINGLE (Line Drive, 7S)
John Howell to third
Denis Taylor to second
Runner from 3rd tries for Home, SAFE, no throw or cutoff
Batting: RHB Daniel Cooper 0-0: Called Strike
0-1: Ball
1-1: Fly out, F9 (Flyball, 9D)
Top of the 2nd over - 2 run(s), 4 hit(s), 0 error(s), 2 left on base; Corpus Christi 3 - Brinkley 0
BOTTOM OF THE 2ND
Brinkley Belugas batting - Pitching for Corpus Christi Twins : RHP Allen Wilson
Batting: RHB Dan Mendoza 0-0: Called Strike
0-1: Ball
1-1: Ball
2-1: Ball
3-1: Hit by Pitch
Batting: LHB Patrick Larson 0-0: Called Strike
0-1: 2-RUN HOME RUN (Line Drive, 9LD), Distance : 359 ft
Pitching: RHP Dan Riggs
Batting: RHB Raykom Mikeladze 0-0: Ball
1-0: Ball
2-0: Foul Ball, location: 2F
2-1: SINGLE (Groundball, 6MD)
Batting: RHB James Bolden 0-0: Grounds into double play, 6-4-3 (Groundball, 6)
Batting: RHB Bernardino Minotes 0-0: Ball
1-0: Called Strike
1-1: Foul Ball, location: 2F
1-2: Foul Ball, location: 2F
1-2: Strikes out swinging
Bottom of the 2nd over - 2 run(s), 2 hit(s), 0 error(s), 0 left on base; Corpus Christi 3 - Brinkley 2
TOP OF THE 3RD
Corpus Christi Twins batting - Pitching for Brinkley Belugas : LHP José Acevedo
Batting: RHB Júlio Santos 0-0: Ball
1-0: Ball
2-0: Foul Ball, location: 2F
2-1: Foul Ball, location: 2F
2-2: Fly out, F9 (Flyball, 9M)
Batting: RHB Carlos Santos 0-0: DOUBLE (Groundball, 3D)
Batting: RHB Bill McCarty 0-0: Called Strike
0-1: Swinging Strike
0-2: SINGLE (Groundball, 56D)
Carlos Santos to third
Runner from 3rd tries for Home, SAFE, throw made home
Bill McCarty to second
Batting: LHB Jimmy Massey 0-0: Swinging Strike
0-1: Foul Ball, location: 2F
0-2: Ball
1-2: Ball
2-2: Ball
3-2: Strikes out looking
Batting: LHB Curtis Peters 0-0: Called Strike
0-1: Ball
1-1: Ball
2-1: Foul Ball, location: 2F
2-2: Strikes out looking
Top of the 3rd over - 1 run(s), 2 hit(s), 0 error(s), 1 left on base; Corpus Christi 4 - Brinkley 2
BOTTOM OF THE 3RD
Brinkley Belugas batting - Pitching for Corpus Christi Twins : RHP Dan Riggs
Batting: RHB James Peterson 0-0: Called Strike
0-1: Swinging Strike
0-2: Ball
1-2: Foul Ball, location: 2F
1-2: Foul Ball, location: 2F
1-2: Ball
2-2: Strikes out swinging
Batting: RHB Jorge Torrez 0-0: Ball
1-0: SINGLE (Line Drive, 9S)
Batting: LHB Manuel Núñez 0-0: Ball
1-0: Ball
2-0: Called Strike
2-1: Fly out, F8 (Flyball, 8LM)
Batting: RHB Mark Field 0-0: Called Strike
0-1: Ball
1-1: Foul Ball, location: 2F
1-2: SINGLE (Line Drive, 34D)
Jorge Torrez to second
Runner from 2nd tries for 3rd, SAFE, throw made to third
Mark Field to second
Batting: RHB Dan Mendoza 0-0: Fly out, F9 (Flyball, 89D)
Bottom of the 3rd over - 0 run(s), 2 hit(s), 0 error(s), 2 left on base; Corpus Christi 4 - Brinkley 2
TOP OF THE 4TH
Corpus Christi Twins batting - Pitching for Brinkley Belugas : LHP José Acevedo
Batting: RHB John Howell 0-0: SINGLE (Groundball, 15S) (infield hit)
Batting: RHB Denis Taylor 0-0: Ball
1-0: Fly out, F9 (Flyball, 9M)
Batting: RHB Gonzalo Núñez 0-0: Ball
1-0: Called Strike
1-1: Called Strike
1-2: Ball
John Howell is caught stealing 2nd base
2-2: Foul Ball, location: 2F
2-2: Strikes out swinging
Top of the 4th over - 0 run(s), 1 hit(s), 0 error(s), 0 left on base; Corpus Christi 4 - Brinkley 2
BOTTOM OF THE 4TH
Brinkley Belugas batting - Pitching for Corpus Christi Twins : RHP Dan Riggs
Batting: LHB Patrick Larson 0-0: Ball
1-0: Called Strike
1-1: Fly out, F8 (Flyball, 8LM)
Batting: RHB Raykom Mikeladze 0-0: SINGLE (Flyball, 9LS)
Batting: RHB James Bolden 0-0: Ball
1-0: Foul Ball, location: 2F
1-1: SINGLE (Line Drive, 89S)
Raykom Mikeladze to second
Batting: RHB Bernardino Minotes 0-0: Foul Ball, location: 2F
0-1: Swinging Strike
0-2: DOUBLE (Groundball, 5L)
Raykom Mikeladze scores
James Bolden to third
Batting: RHB James Peterson 0-0: Ball
1-0: Called Strike
1-1: Fly out, F9 (Flyball, 89S)
Batting: RHB Jorge Torrez 0-0: Foul Ball, location: 2F
0-1: Ball
1-1: Ball
2-1: Ground out 6-3 (Groundball, 6M)
Bottom of the 4th over - 1 run(s), 3 hit(s), 0 error(s), 2 left on base; Corpus Christi 4 - Brinkley 3
TOP OF THE 5TH
Corpus Christi Twins batting - Pitching for Brinkley Belugas : LHP José Acevedo
Batting: RHB Daniel Cooper 0-0: Called Strike
0-1: Ball
1-1: Ground out 5-3 (Groundball, 5)
Batting: RHB Júlio Santos 0-0: DOUBLE (Line Drive, 89D)
Batting: RHB Carlos Santos 0-0: Ball
1-0: Ball
2-0: Ball
3-0: Called Strike
3-1: Foul Ball, location: 2F
3-2: Ground out 6-3 (Groundball, 6M)
Júlio Santos to third
Batting: RHB Bill McCarty 0-0: Called Strike
0-1: Called Strike
0-2: Fly out, F4 (Popup, 4D)
Top of the 5th over - 0 run(s), 1 hit(s), 0 error(s), 1 left on base; Corpus Christi 4 - Brinkley 3
BOTTOM OF THE 5TH
Brinkley Belugas batting - Pitching for Corpus Christi Twins : RHP Dan Riggs
Batting: LHB Manuel Núñez 0-0: Fly out, F8 (Flyball, 8RM)
Batting: RHB Mark Field 0-0: Ball
1-0: Ball
2-0: Fly out, F4 (Popup, 4MD)
Batting: RHB Dan Mendoza 0-0: Ball
1-0: Called Strike
1-1: Ball
2-1: Ground out 4-3 (Groundball, 4)
Bottom of the 5th over - 0 run(s), 0 hit(s), 0 error(s), 0 left on base; Corpus Christi 4 - Brinkley 3
TOP OF THE 6TH
Corpus Christi Twins batting - Pitching for Brinkley Belugas : LHP José Acevedo
Batting: LHB Jimmy Massey 0-0: Called Strike
0-1: Ball
1-1: Ball
2-1: Swinging Strike
2-2: Foul Ball, location: 2F
2-2: Ball
3-2: Base on Balls
Pitching: RHP José Huerta
Batting: LHB Curtis Peters 0-0: Bunted foul
0-1: Bunted foul
0-2: Ball
1-2: Ball
2-2: Ball
3-2: Grounds into double play, 4-6-3 (Groundball, 4)
Batting: RHB John Howell 0-0: Foul Ball, location: 2F
0-1: Foul Ball, location: 2F
0-2: Foul Ball, location: 2F
0-2: Ball
1-2: Strikes out swinging
Top of the 6th over - 0 run(s), 0 hit(s), 0 error(s), 0 left on base; Corpus Christi 4 - Brinkley 3
BOTTOM OF THE 6TH
Brinkley Belugas batting - Pitching for Corpus Christi Twins : RHP Dan Riggs
Batting: LHB Patrick Larson 0-0: Called Strike
0-1: Fly out, F7 (Flyball, 7S)
Pitching: RHP Claudio Salinas
Batting: RHB Raykom Mikeladze 0-0: Fly out, F8 (Popup, 8RS)
Batting: RHB James Bolden 0-0: Ball
1-0: Ball
2-0: Ball
3-0: Base on Balls
Batting: RHB Bernardino Minotes 0-0: Foul Ball, location: 2F
0-1: SINGLE (Groundball, 56D)
James Bolden to second
Batting: RHB James Peterson 0-0: Ball
1-0: Called Strike
1-1: Ground out 5-3 (Groundball, 56)
Bottom of the 6th over - 0 run(s), 1 hit(s), 0 error(s), 2 left on base; Corpus Christi 4 - Brinkley 3
TOP OF THE 7TH
Corpus Christi Twins batting - Pitching for Brinkley Belugas : RHP José Huerta
Batting: RHB Denis Taylor 0-0: Ball
1-0: Called Strike
1-1: Swinging Strike
1-2: Ball
2-2: Foul Ball, location: 2F
2-2: Foul Ball, location: 2F
2-2: Strikes out swinging
Batting: RHB Gonzalo Núñez 0-0: Called Strike
0-1: Fly out, F9 (Flyball, 89D)
Batting: RHB Daniel Cooper 0-0: Ball
1-0: Ball
2-0: Ball
3-0: Called Strike
3-1: Base on Balls
Pitching: RHP Mike Salazar
Batting: RHB Júlio Santos 0-0: Ball
1-0: Called Strike
1-1: Ball
2-1: Fly out, F8 (Flyball, 8LM)
Top of the 7th over - 0 run(s), 0 hit(s), 0 error(s), 1 left on base; Corpus Christi 4 - Brinkley 3
BOTTOM OF THE 7TH
Brinkley Belugas batting - Pitching for Corpus Christi Twins : RHP Claudio Salinas
Batting: RHB Jorge Torrez 0-0: Ball
1-0: Swinging Strike
1-1: SOLO HOME RUN (Flyball, 89XD), Distance : 412 ft
Batting: LHB Manuel Núñez 0-0: Ball
1-0: Called Strike
1-1: Ball
2-1: SINGLE (Groundball, 5D)
Batting: RHB Mark Field 0-0: Called Strike
0-1: Ball
1-1: Swinging Strike
1-2: Strikes out looking
Batting: RHB Dan Mendoza 0-0: Called Strike
0-1: Fielders Choice at 2nd, 5-4 (Groundball, 56)
Batting: LHB Patrick Larson 0-0: Called Strike
0-1: Ball
Dan Mendoza is caught stealing 2nd base
Bottom of the 7th over - 1 run(s), 2 hit(s), 0 error(s), 0 left on base; Corpus Christi 4 - Brinkley 4
TOP OF THE 8TH
Corpus Christi Twins batting - Pitching for Brinkley Belugas : RHP Mike Salazar
Pinch Hitting: LHB Don Sullivan 0-0: Foul Ball, location: 2F
0-1: Ball
1-1: Ball
2-1: Ball
3-1: Foul Ball, location: 2F
3-2: Strikes out swinging
Batting: RHB Bill McCarty 0-0: Called Strike
0-1: Ball
1-1: Ball
2-1: Ground out U3 (Groundball, 3S)
Pinch Hitting: LHB Michael Smith 0-0: Ball
1-0: Called Strike
1-1: Foul Ball, location: 2F
1-2: Ball
2-2: Ground out 3-1 (Groundball, 34)
Top of the 8th over - 0 run(s), 0 hit(s), 0 error(s), 0 left on base; Corpus Christi 4 - Brinkley 4
BOTTOM OF THE 8TH
Brinkley Belugas batting - Pitching for Corpus Christi Twins : RHP Claudio Salinas
Now at 1B: Michael Smith
Now in CF: Juan Durán
Batting: LHB Patrick Larson 0-0: Ball
1-0: Foul Ball, location: 2F
1-1: Ball
2-1: Swinging Strike
2-2: Strikes out swinging
Pitching: LHP Craig Bolton
Batting: RHB Raykom Mikeladze 0-0: Called Strike
0-1: Foul Ball, location: 2F
0-2: Strikes out swinging
Batting: RHB James Bolden 0-0: Ball
1-0: SINGLE (Groundball, 5)
Pinch Hitting: RHB Jim Unknown 0-0: Foul Ball, location: 2F
0-1: Fly out, F9 (Flyball, 9D)
Bottom of the 8th over - 0 run(s), 1 hit(s), 0 error(s), 1 left on base; Corpus Christi 4 - Brinkley 4
TOP OF THE 9TH
Corpus Christi Twins batting - Pitching for Brinkley Belugas : RHP Mike Salazar
Now in LF: Jim Unknown
Batting: LHB Curtis Peters 0-0: Foul Ball, location: 2F
0-1: Foul Ball, location: 2F
0-2: Strikes out swinging
Batting: RHB John Howell 0-0: Ball
1-0: Called Strike
1-1: Foul Ball, location: 2F
1-2: Fly out, F7 (Flyball, 7M)
Batting: RHB Denis Taylor 0-0: Called Strike
0-1: Swinging Strike
0-2: Ball
1-2: Strikes out swinging
Top of the 9th over - 0 run(s), 0 hit(s), 0 error(s), 0 left on base; Corpus Christi 4 - Brinkley 4
BOTTOM OF THE 9TH
Brinkley Belugas batting - Pitching for Corpus Christi Twins : LHP Craig Bolton
Pitching: RHP Reynaldo Díaz
Batting: RHB James Peterson 0-0: Ground out 6-3 (Groundball, 6M)
Batting: RHB Jorge Torrez 0-0: Ball
1-0: Called Strike
1-1: Fly out, F7 (Flyball, 78M)
Batting: LHB Manuel Núñez 0-0: Called Strike
0-1: Called Strike
0-2: Ground out 5-3 (Groundball, 56S)
Bottom of the 9th over - 0 run(s), 0 hit(s), 0 error(s), 0 left on base; Corpus Christi 4 - Brinkley 4
TOP OF THE 10TH
Corpus Christi Twins batting - Pitching for Brinkley Belugas : RHP Mike Salazar
Batting: RHB Gonzalo Núñez 0-0: Ball
1-0: Swinging Strike
1-1: SINGLE (Groundball, 4MD)
Batting: RHB Daniel Cooper 0-0: Ball
1-0: Called Strike
1-1: Ball
2-1: Called Strike
2-2: Fly out, F8 (Flyball, 8RS)
Pinch Hitting: RHB Dale Carney 0-0: Ball
1-0: Called Strike
1-1: Ball
2-1: Fly out, F7 (Flyball, 7D)
Pitching: RHP Melvin González
Batting: LHB Juan Durán 0-0: Called Strike
0-1: Ball
1-1: Ground out 3-1 (Groundball, 34)
Top of the 10th over - 0 run(s), 1 hit(s), 0 error(s), 1 left on base; Corpus Christi 4 - Brinkley 4
BOTTOM OF THE 10TH
Brinkley Belugas batting - Pitching for Corpus Christi Twins : RHP Reynaldo Díaz
Now at C: Vincent Parker
Batting: RHB Mark Field 0-0: Ball
1-0: Called Strike
1-1: Ball
2-1: Fly out, F8 (Line Drive, 8LM)
Batting: RHB Dan Mendoza 0-0: Ball
1-0: Swinging Strike
1-1: Ground out 1-3 (Groundball, 15S)
Batting: LHB Patrick Larson 0-0: Swinging Strike
0-1: Foul Ball, location: 2F
0-2: Ball
1-2: Strikes out swinging
Bottom of the 10th over - 0 run(s), 0 hit(s), 0 error(s), 0 left on base; Corpus Christi 4 - Brinkley 4
TOP OF THE 11TH
Corpus Christi Twins batting - Pitching for Brinkley Belugas : RHP Melvin González
Batting: RHB Bill McCarty 0-0: Ball
1-0: Swinging Strike
1-1: Foul Ball, location: 2F
1-2: Ball
2-2: Strikes out looking
Batting: LHB Michael Smith 0-0: Swinging Strike
0-1: Foul Ball, location: 2F
0-2: Ball
1-2: Strikes out looking
Batting: LHB Curtis Peters 0-0: Foul Ball, location: 2F
0-1: Swinging Strike
0-2: Ball
1-2: Strikes out swinging
Top of the 11th over - 0 run(s), 0 hit(s), 0 error(s), 0 left on base; Corpus Christi 4 - Brinkley 4
BOTTOM OF THE 11TH
Brinkley Belugas batting - Pitching for Corpus Christi Twins : RHP Reynaldo Díaz
Pitching: RHP Jason Mosley
Batting: RHB Raykom Mikeladze 0-0: SINGLE (Line Drive, 56)
Batting: RHB James Bolden 0-0: Sac Bunt - play at first, batter OUT! 1-4
Raykom Mikeladze to second
Batting: RHB Jim Unknown 0-0: Intentional Walk
Batting: RHB James Peterson 0-0: Foul Ball, location: 2F
0-1: Foul Ball, location: 2F
0-2: Strikes out swinging
Batting: RHB Jorge Torrez 0-0: Called Strike
0-1: Foul Ball, location: 2F
0-2: Ball
1-2: Strikes out swinging
Bottom of the 11th over - 0 run(s), 1 hit(s), 0 error(s), 2 left on base; Corpus Christi 4 - Brinkley 4
TOP OF THE 12TH
Corpus Christi Twins batting - Pitching for Brinkley Belugas : RHP Melvin González
Batting: RHB John Howell 0-0: Ball
1-0: Called Strike
1-1: Called Strike
1-2: Ball
2-2: Foul Ball, location: 2F
2-2: Foul Ball, location: 2F
2-2: Strikes out swinging
Batting: RHB Denis Taylor 0-0: Called Strike
0-1: Ball
1-1: Swinging Strike
1-2: Ball
2-2: Fly out, F7 (Flyball, 7S)
Batting: RHB Gonzalo Núñez 0-0: Foul Ball, location: 2F
0-1: Ball
1-1: Ball
2-1: Fly out, F4 (Popup, 3F)
Top of the 12th over - 0 run(s), 0 hit(s), 0 error(s), 0 left on base; Corpus Christi 4 - Brinkley 4
BOTTOM OF THE 12TH
Brinkley Belugas batting - Pitching for Corpus Christi Twins : RHP Jason Mosley
Batting: LHB Manuel Núñez 0-0: DOUBLE (Line Drive, 8LM)
Batting: RHB Mark Field 0-0: Ball
1-0: Ball
2-0: Swinging Strike
2-1: Ball
3-1: Swinging Strike
3-2: Strikes out swinging
Batting: RHB Dan Mendoza 0-0: Foul Ball, location: 2F
0-1: Foul Ball, location: 2F
0-2: Ground out 5-3 (Groundball, 5S)
Manuel Núñez to third
Batting: LHB Patrick Larson 0-0: Called Strike
0-1: Ball
1-1: Ground out 3-1 (Groundball, 34S)
Bottom of the 12th over - 0 run(s), 1 hit(s), 0 error(s), 1 left on base; Corpus Christi 4 - Brinkley 4
TOP OF THE 13TH
Corpus Christi Twins batting - Pitching for Brinkley Belugas : RHP Melvin González
Batting: RHB Daniel Cooper 0-0: Fly out, F8 (Flyball, 8LD)
Batting: RHB Vincent Parker 0-0: Called Strike
0-1: DOUBLE (Line Drive, 8RM)
Batting: LHB Juan Durán 0-0: Ball
1-0: Ball
2-0: Called Strike
2-1: Foul Ball, location: 2F
2-2: Ball
3-2: SINGLE (Groundball, 15S) (infield hit)
Vincent Parker to third
Batting: RHB Bill McCarty 0-0: Called Strike
0-1: Swinging Strike
0-2: Foul Ball, location: 2F
0-2: Fly out, F4 (Popup, 4)
Pitching: RHP Ramón Molina
Batting: LHB Michael Smith 0-0: Called Strike
Juan Durán steals 2nd base
0-1: Foul Ball, location: 2F
0-2: Strikes out swinging
Top of the 13th over - 0 run(s), 2 hit(s), 0 error(s), 2 left on base; Corpus Christi 4 - Brinkley 4
BOTTOM OF THE 13TH
Brinkley Belugas batting - Pitching for Corpus Christi Twins : RHP Jason Mosley
Batting: RHB Raykom Mikeladze 0-0: Called Strike
0-1: Ground out 4-3 (Groundball, 4)
Batting: RHB James Bolden 0-0: Called Strike
0-1: Fly out, F6 (Popup, 6D)
Batting: RHB Jim Unknown 0-0: Called Strike
0-1: Fly out, F7 (Flyball, 7M)
Bottom of the 13th over - 0 run(s), 0 hit(s), 0 error(s), 0 left on base; Corpus Christi 4 - Brinkley 4
TOP OF THE 14TH
Corpus Christi Twins batting - Pitching for Brinkley Belugas : RHP Ramón Molina
Batting: LHB Curtis Peters 0-0: SINGLE (Groundball, 34D)
Batting: RHB John Howell 0-0: SINGLE (Flyball, 9LM)
Curtis Peters to second
Runner from 2nd tries for 3rd, SAFE, no throw or cutoff
Batting: RHB Denis Taylor 0-0: Ball
1-0: Ball
2-0: Ball
Pickoff Throw to First - Out!
3-0: Called Strike
3-1: Base on Balls
Batting: RHB Gonzalo Núñez 0-0: Called Strike
0-1: Ball
Denis Taylor steals 2nd base
1-1: Intentional Walk
Batting: RHB Daniel Cooper 0-0: SINGLE (Groundball, 6)
Curtis Peters scores
Denis Taylor to third
Gonzalo Núñez to second
Runner from 3rd tries for Home, SAFE, throw made home
Batting: RHB Vincent Parker 0-0: Ball
1-0: Ball
2-0: Foul Ball, location: 2F
2-1: Fly out, F6 (Popup, 5D)
Batting: LHB Juan Durán 0-0: Ball
1-0: Ball
2-0: Ball
3-0: Base on Balls
Gonzalo Núñez to third
Daniel Cooper to second
Batting: RHB Bill McCarty 0-0: Ball
1-0: Swinging Strike
1-1: Foul Ball, location: 2F
1-2: Ball
2-2: Foul Ball, location: 2F
2-2: Ball
3-2: Base on Balls
Gonzalo Núñez scores
Daniel Cooper to third
Juan Durán to second
Pitching: RHP Joe Flowers
Batting: LHB Michael Smith 0-0: Ball
1-0: Ball
2-0: Ball
3-0: Base on Balls
Daniel Cooper scores
Juan Durán to third
Bill McCarty to second
Batting: LHB Curtis Peters 0-0: Ball
1-0: Ball
2-0: Ball
3-0: Base on Balls
Juan Durán scores
Bill McCarty to third
Michael Smith to second
Batting: RHB John Howell 0-0: Ball
1-0: Ball
2-0: Ground out 5-3 (Groundball, 5S)
Top of the 14th over - 5 run(s), 3 hit(s), 0 error(s), 3 left on base; Corpus Christi 9 - Brinkley 4
BOTTOM OF THE 14TH
Brinkley Belugas batting - Pitching for Corpus Christi Twins : RHP Jason Mosley
Now at 3B: Chad Graham
Batting: RHB James Peterson 0-0: Ball
1-0: Foul Ball, location: 2F
1-1: Foul Ball, location: 2F
1-2: Strikes out swinging
Batting: RHB Jorge Torrez 0-0: Called Strike
0-1: Called Strike
0-2: Ball
1-2: Fly out, F9 (Popup, 34D)
Batting: LHB Manuel Núñez 0-0: Ball
1-0: Ground out 6-3 (Groundball, 6M)
Bottom of the 14th over - 0 run(s), 0 hit(s), 0 error(s), 0 left on base; Corpus Christi 9 - Brinkley 4
This league is powered by Out of the Park Baseball, the baseball management simulation game for PC, Mac and Linux
Monday, May 4th, 2015 - OOTP Baseball 15.6 Build 34